 Dungeon Crawl Stone Soup version 0.28.0-45-g0d030f2227 (webtiles) character file.

Game seed: 4301221189073820895

36 bigairbonus the Chopper (level 3, -1/30 HPs)
             Began as a Ghoul Gladiator on Apr 25, 2022.
             Slain by an adder (3 damage)
             ... on level 2 of the Dungeon.
             The game lasted 00:10:02 (745 turns).

bigairbonus the Chopper (Ghoul Gladiator)            Turns: 745, Time: 00:10:02

Health: -1/30      AC:  4    Str: 17      XL:     3   Next: 37%
Magic:  2/2        EV: 12    Int:  3      God:
Gold:   32         SH:  0    Dex: 10 (12) Spells: 2/2 levels left

rFire   . . .      SeeInvis .   a - +0 war axe
rCold   + . .      Faith    .   (no shield)
rNeg    + + +      Spirit   .   b - +0 leather armour
rPois   ∞          Reflect  .   c - +0 helmet
rElec   .          Harm     .   (no cloak)
rCorr   .          Rampage  .   (no gloves)
Will    .....                   (no boots)
Stlth   +.........              (no amulet)
HPRegen 0.00/turn               (no ring)
MPRegen 0.08/turn               (no ring)

@: inhibited regen
A: claws 1, cold resistance 1, negative energy resistance 3, inhibited
regeneration, torment resistance 2
a: no special abilities


You were on level 2 of the Dungeon.
You visited 1 branch of the dungeon, and saw 2 of its levels.

You collected 32 gold pieces.

Inventory:

Hand Weapons
 a - a +0 war axe (weapon)
 f - a +0 whip of pain
Missiles
 d - 3 throwing nets (quivered)
 e - 19 arrows
Armour
 b - a +0 leather armour (worn)
 c - a +0 helmet (worn)
 g - a +0 hat


   Skills:
 + Level 2.5 Fighting
 + Level 3.2 Axes
 + Level 1.8 Throwing
 + Level 0.5 Armour
 + Level 3.1 Dodging


You had 2 spell levels left.
You didn't know any spells.
Your spell library was empty.

Dungeon Overview and Level Annotations

Branches:
Dungeon (2/15)

Altars:


Innate Abilities, Weirdness & Mutations

You thrive by killing the living.
You are immune to poison.
You have sharp fingernails.
Your flesh is cold resistant. (rC+)
You are immune to negative energy. (rN+++)
You do not regenerate when monsters are visible.
You are immune to unholy pain and torment.


Message History

The worm bites you!
* * * LOW HITPOINT WARNING * * *
You hit the worm.
You kill the worm!
You feel your strength returning.
Found a stone staircase leading down.
A kobold comes into view. It is wielding a +0 short sword.
The kobold shouts!
You barely miss the kobold.
The kobold hits you with a +0 short sword.
* * * LOW HITPOINT WARNING * * *
You slash the kobold!
You kill the kobold!
An adder comes into view.
The adder hisses angrily.
You hit the adder but do no damage. The adder completely misses you.
You hit the adder.
The adder is moderately wounded.
The adder closely misses you. The adder misses you.
You barely miss the adder.
The adder is moderately wounded.
The adder barely misses you. x2
You closely miss the adder.
The adder is moderately wounded.
The adder misses you. The adder bites you.
* * * LOW HITPOINT WARNING * * *
You closely miss the adder.
The adder is moderately wounded.
The adder bites you.
* * * LOW HITPOINT WARNING * * *
You completely miss the adder.
The adder is moderately wounded.
The adder misses you. The adder barely misses you.
You closely miss the adder.
The adder is moderately wounded.
The adder barely misses you. x2
You hit the adder.
The adder is moderately wounded.
The adder bites you but does no damage. The adder bites you.
You die...

.. #.###
.>.# #..#
#..# #..#
#.####).#
......S.##
...#.##@.#
. .. #..#
... #..##
.. #...# .
#...#
##..# #..#
#..#
####.#####


You could see an adder.

Vanquished Creatures
  A worm (D:2)
  A dart slug (D:1)
  3 endoplasms (D:1)
  2 giant cockroaches (D:1)
  A goblin (D:1)
  A hobgoblin (D:1)
  7 kobolds
  2 quokkas (D:1)
  2 ball pythons (D:1)
  2 bats (D:1)
  4 frilled lizards
  4 rats (D:1)
30 creatures vanquished.

Notes
Turn   | Place    | Note
-------+----------+-------------------------------------------
     0 | D:1      | bigairbonus the Ghoul Gladiator began the quest for the
                  | Orb.
     0 | D:1      | Reached XP level 1. HP: 17/17 MP: 0/0
   117 | D:1      | Reached XP level 2. HP: 21/24 MP: 1/1
   162 | D:1      | Found a faded altar of an unknown god.
   520 | D:1      | Reached XP level 3. HP: 26/30 MP: 2/2
   745 | D:2      | Slain by an adder

Illustrated notes

Levels and vault maps discovered:
D:1:      kennysheep_arrival_forest, layout_loops_ring,
          hellmonk_ecumenical_altar_pennies_from_heaven, minmay_vboxes
D:2:      layout_basic, uniq_sigmund

Skill      XL: |  1  2 |
---------------+-------+-----
Dodging        | 3 |  3.1
Axes           | 3 |  3.2
Fighting       | |  2.5
Throwing       | |  1.8
Armour         | |  0.5

Action                   || total
-------------------------++-------
Melee: War axe           ||    80
  Use: Scroll            ||     4
       Potion            ||     1
Armor: Leather armour    ||    28
Dodge: Dodged            ||    51
